 Seeded DCSS version 0.25.1-8-g42b30a86e7 (webtiles) character file.

Game seed: 20201210 (custom seed)

126 radhat240 the Shield-Bearer (level 4, -2/40 HPs)
             Began as a Minotaur Fighter on Dec 11, 2020.
             Killed from afar by an orc (22 damage)
             ... with an exploding inner flame
             ... hexed by the player character
             ... on level 3 of the Dungeon.
             The game lasted 00:07:45 (1679 turns).

radhat240 the Shield-Bearer (Minotaur Fighter)      Turns: 1679, Time: 00:07:49

Health: -2/40      AC:  9    Str: 21    XL:     4   Next: 83%
Magic:  3/3        EV:  8    Int:  5    God:
Gold:   52         SH:  9    Dex: 10    Spells: 3/3 levels left

rFire    + . .     SeeInvis .   a - +0 war axe
rCold    . . .     Gourm    .   c - +0 kite shield
rNeg     . . .     Faith    .   b - +0 scale mail
rPois    .         Spirit   .   (helmet restricted)
rElec    .         Reflect  .   (no cloak)
rCorr    .         Harm     .   p - +0 pair of gloves
MR       .....                  i - +0 pair of boots
Stlth    ..........             e - amulet of regeneration
HPRegen  0.53/turn              g - ring of protection from fire
MPRegen  0.08/turn              (no ring)

@: very slightly contaminated, lightly drained
A: retaliatory headbutt, horns 2
a: no special abilities


You were on level 3 of the Dungeon.
You were not hungry.

You visited 1 branch of the dungeon, and saw 3 of its levels.

You collected 52 gold pieces.

Inventory:

Hand Weapons
 a - a +0 war axe (weapon)
Armour
 b - a +0 scale mail (worn)
 c - a +0 kite shield (worn)
 i - a +0 pair of boots (worn)
 p - a +0 pair of gloves (worn)
Jewellery
 e - an amulet of regeneration (around neck)
 g - a ring of protection from fire (left hand)
 k - an uncursed amulet of faith {unknown}
Scrolls
 j - 2 scrolls of enchant armour
 l - 2 scrolls of amnesia
Potions
 d - a potion of might
 h - a potion of curing {unknown}
Comestibles
 f - 6 rations
 m - 5 chunks of flesh


   Skills:
 + Level 4.1 Fighting
 + Level 3.7 Axes
 + Level 4.6 Armour
 + Level 0.7(0.6) Dodging
 + Level 4.7(4.6) Shields


You had 3 spell levels left.
You didn't know any spells.
Your spell library was empty.

Dungeon Overview and Level Annotations

Branches:
Dungeon (3/15)

Altars:
Dithmenos
Vehumet
Yredelemnul


Innate Abilities, Weirdness & Mutations

You reflexively headbutt those who attack you in melee.
You have a pair of horns on your head.


Message History

You miss something. You hit the rat.
Flame seeps out of the rat.
You hit the orc but do no damage. You closely miss the orc.
Something hits you but does no damage.
The orc hits you with a +0 hand axe of draining.
You feel drained.
The rat is engulfed in blazing flames.
The rat explodes!
The fiery explosion engulfs something!!
Reactivating autopickup.
You feel a bit more experienced.
The fiery explosion engulfs the orc!!
The orc explodes!
The fiery explosion engulfs the kobold!!
The kobold explodes!
The fiery explosion engulfs the orc!!
The orc explodes!
The fiery explosion engulfs you!! You resist.
The fiery explosion engulfs the orc!!
The orc explodes!
The fiery explosion engulfs you!! You resist.
Ouch! That really hurt!
You die...

#..................
#..................
#..................
#.................!
#..................
#§§§§..............
#§§§§..............
######○§§§......(.......
.....§)@§§.........#.o..
........§§........o###.K
......................>.
...................##...
........................
####.....###.......#.. K
..................#...
.........##.......# ..
.........#......#.#


There were no monsters in sight!

Vanquished Creatures
  An orc wizard (D:3)
  A gnoll (D:1)
  An adder (D:2)
  An ooze (D:2)
  2 worms
  3 dart slugs
  A leopard gecko (D:3)
  2 orcs (D:3)
  A giant cockroach (D:1)
  6 goblins
  13 hobgoblins
  3 jackals (D:2)
  6 bats (D:1)
  3 frilled lizards
  6 kobolds
  6 rats
56 creatures vanquished.

Notes
Turn   | Place    | Note
-------+----------+-------------------------------------------
     0 | D:1      | radhat240 the Minotaur Fighter began the quest for the Orb.
     0 | D:1      | Reached XP level 1. HP: 19/19 MP: 0/0
   218 | D:1      | Reached XP level 2. HP: 21/27 MP: 1/1
   254 | D:1      | Reached XP level 3. HP: 8/33 MP: 2/2
   994 | D:2      | Found a radiant altar of Vehumet.
   995 | D:2      | Found a basalt altar of Yredelemnul.
   996 | D:2      | Found a shadowy altar of Dithmenos.
  1119 | D:2      | Reached XP level 4. HP: 40/40 MP: 3/3
  1679 | D:3      | Killed from afar by an orc

Illustrated notes

Levels and vault maps discovered:
D:1:      dpeg_arrival_snail, layout_basic
D:2:      layout_basic, chequers_temple_overflow_statue_of_worship,
          minmay_hedge_maze, minmay_misc_feat_five
D:3:      layout_basic

Skill      XL: |  1  2  3 |
---------------+----------+-----
Armour         | 4 |  4.6
Shields        | 4 |  4.7
Fighting       | 4 |  4.1
Axes           | 3 |  3.7
Dodging        | |  0.7

Action                   |  1- 3 |  4- 6 || total
-------------------------+-------+-------++-------
Melee: War axe           |    97 |    21 ||   118
       Headbutt          |    18 |     7 ||    25
  Use: Scroll            |     3 |     2 ||     5
       Potion            |     1 |       ||     1
  Eat: Chunk             |     1 |     2 ||     3
Armor: Scale mail        |    50 |    16 ||    66
Dodge: Dodged            |    36 |     8 ||    44
Block: Kite shield       |    52 |    20 ||    72
